Map: Efflorescence LE

Players

OpuS

  • Race: Protoss Protoss
  • League: Platinum
  • Spawn Location: 9:00

Sketchaphone

  • Race: Zerg Zerg
  • League: Platinum
  • Spawn Location: 6:00

soapyy - Winner!

  • Race: Protoss Protoss
  • League: Diamond
  • Spawn Location: 3:00

Aest - Winner!

  • Race: Protoss Protoss
  • Spawn Location: 12:00

VOD

Have the link to the VOD?

Description

Time

  • Played on: Feb. 16, 2019, 9:08 p.m.
  • Length: 14:46
Show
View Real Time Build Order
Export as new Build Order

OpuS Protoss 

Build Orders: Oracle Opening 

Get SALT Encoding   

  12  0:01  Probe  
  13  0:13  Probe  
  14  0:19  Pylon  
  14  0:25  Probe  
  15  0:37  Probe  
  15  0:41  Gateway  
  16  0:45  Probe  
  17  0:53  Probe  
  17  0:55  Assimilator  
  17  1:00  Assimilator  
  17  1:03  Probe  
  19  1:11  Probe  
  20  1:19  Gateway  
  20  1:23  Probe  
  21  1:35  Probe  
  22  1:40  Cybernetics Core  
  22  1:45  Pylon  
  22  2:18  Warp Gate  
  22  2:19  Nexus  
  22  2:31  Stalker  
  22  2:33  Stalker  
  25  2:46  Probe  
  26  2:53  Stargate  
  26  2:54  Probe  
  26  3:00  Pylon  
  26  3:08  Stalker  
  28  3:14  Pylon  
  28  3:22  Stalker  
  30  3:31  Probe  
  30  3:32  Probe  
  32  3:44  Oracle  
  35  3:50  Shield Battery  
  35  3:54  Probe x2  
  29  4:18  Probe  
  29  4:19  Probe  
  31  4:30  Probe  
  31  4:31  Probe  
  33  4:43  Probe x2  
  35  4:55  Probe  
  35  4:56  Void Ray  
  36  5:03  Probe  
  41  5:07  Probe  
  41  5:23  Probe  
  41  5:24  Probe  
  41  5:26  Stalker  
  45  5:31  Pylon  
  45  5:36  Probe x2  
  47  5:50  Twilight Council  
  47  6:01  Void Ray  
  48  6:12  Probe x2  
  50  6:24  Probe x2  
  52  6:32  Templar Archives  
  52  6:36  Probe x2  
  52  6:39  Assimilator  
  54  6:43  Pylon  
  54  6:44  Assimilator, Void Ray  
  58  6:48  Probe x2  
  58  6:53  Blink  
  60  7:00  Probe x2  
  62  7:01  Gateway  
  62  7:12  Probe  
  62  7:14  Void Ray  
  59  7:20  Probe  
  56  7:24  Stalker, Probe  
  56  7:25  Stalker  
  57  7:33  Probe  
  57  7:36  Probe  
  59  7:41  Forge  
  59  7:44  Shield Battery  
  59  7:45  Probe  
  59  7:50  Void Ray  
  60  7:57  Stalker  
  60  7:58  Stalker  
  68  8:08  Stalker  
  70  8:15  Photon Cannon  
  70  8:18  Photon Cannon  
  70  8:20  Shield Battery  
  70  8:21  Stalker x2  
  74  8:33  Stalker  
  76  8:41  Pylon  
  76  8:42  Shield Battery  
  76  8:44  Pylon  
  76  8:48  Protoss Ground Weapons Level 1  
  76  8:58  Void Ray  
  80  9:03  Stalker  
  80  9:04  Stalker x2  
  86  9:24  Pylon  
  86  9:26  Pylon  
  86  9:27  Stalker x2  
  86  9:28  Pylon  
  90  9:32  Stalker, Void Ray  
  96  9:47  Pylon  
  96  9:53  Gateway  
  96  10:03  Gateway  
  96  10:05  Gateway  
  96  10:06  Void Ray  
  96  10:10  Gateway  
  100  10:21  Pylon  
  100  10:32  Stalker x2  
  104  10:37  Stalker  
  104  10:39  Nexus  
  104  10:42  Pylon, Void Ray  
  106  10:45  Protoss Ground Weapons Level 2  
  110  11:09  High Templar x2  
  110  11:10  High Templar x2  
  118  11:12  Stalker  
  118  11:13  Stalker  
  118  11:14  Archon x2  
  122  11:20  Probe x2  
  124  11:32  Probe  
  125  11:39  Gateway  
  125  11:41  Gateway  
  125  11:43  Gateway  
  125  11:44  High Templar x2  
  125  11:45  Stalker  
  131  11:47  Gateway  
  131  11:48  Archon  
  131  11:52  Probe  
  131  11:53  Probe x2  
  134  12:00  Robotics Facility  
  130  12:05  Probe x2  
  132  12:12  Void Ray  
  136  12:16  Probe  
  136  12:17  Probe x2  
  135  12:28  Probe  
  135  12:29  Probe  
  63  12:37  High Templar x2  
  63  12:39  Probe  
  63  12:40  Probe  
  63  12:41  Archon, Probe  
  70  12:49  Stalker x3  
  70  12:51  Probe  
  77  12:53  Probe x2  
  77  12:55  Stalker  
  81  12:58  Assimilator  
  81  13:04  Probe, Assimilator  
  81  13:05  Probe x2  
  84  13:09  Nexus  
  84  13:20  Stalker x4  
  84  13:21  Stalker  
  93  13:31  Stalker x2  
  93  13:32  Stalker  
  98  13:35  Probe x2  
  98  13:36  Probe  
  98  13:39  Stalker x2  
  105  13:47  Void Ray  
  105  14:01  Stalker x2  
  105  14:02  Stalker x2  
  106  14:19  Stalker x3  
  106  14:20  Stalker x4  
Show
View Real Time Build Order
Export as new Build Order

Sketchaphone Zerg 

Build Orders: Hatch First 

Get SALT Encoding   

  12  0:01  Drone  
  13  0:13  Overlord  
  13  0:18  Drone  
  14  0:32  Drone x2  
  16  0:37  Drone  
  17  0:56  Hatchery  
  16  0:59  Drone  
  16  1:02  Extractor  
  16  1:04  Drone  
  17  1:19  Drone  
  17  1:23  Spawning Pool  
  17  1:42  Drone  
  17  1:43  Overlord, Drone  
  19  1:55  Drone  
  20  2:04  Overlord  
  20  2:10  Metabolic Boost  
  20  2:11  Queen  
  22  2:20  Zergling x4  
  22  2:21  Zergling x2  
  25  2:28  Baneling Nest  
  24  2:30  Zergling x2  
  24  2:33  Zergling x2  
  26  2:38  Zergling x2  
  27  2:44  Zergling x2  
  28  2:54  Zergling x4  
  30  2:59  Drone  
  30  3:01  Zergling x2  
  32  3:11  Zergling x2  
  33  3:15  Queen, Drone  
  33  3:17  Pneumatized Carapace  
  36  3:33  Zergling x10  
  41  3:41  Baneling x4  
  41  3:44  Drone  
  41  3:45  Drone  
  43  3:49  Drone  
  43  3:51  Baneling  
  44  4:03  Overlord  
  44  4:04  Overlord  
  36  4:39  Drone  
  36  4:40  Drone x5  
  40  4:51  Drone  
  41  4:57  Roach Warren, Extractor  
  41  4:59  Drone  
  40  5:01  Drone  
  40  5:02  Overlord  
  41  5:09  Hatchery  
  41  5:11  Queen  
  41  5:12  Drone  
  43  5:25  Evolution Chamber, Drone x6  
  48  5:29  Drone x2  
  48  5:31  Extractor  
  48  5:33  Extractor  
  48  5:38  Lair  
  49  5:57  Zergling x14  
  49  5:59  Zerg Ground Armor Level 1  
  55  6:04  Drone x3  
  58  6:12  Zergling x2  
  58  6:13  Zergling x2  
  59  6:21  Overlord  
  59  6:22  Overlord  
  59  6:26  Queen  
  59  6:28  Drone  
  62  6:34  Evolution Chamber  
  62  6:37  Spore Crawler  
  60  6:54  Roach x6  
  72  6:56  Nydus Network  
  67  7:19  Zerg Missile Weapons Level 1  
  67  7:22  Hydralisk Den  
  66  7:23  Overlord  
  66  7:33  Roach x7  
  66  7:35  Overlord  
  80  7:41  Drone  
  81  7:47  Nydus Canal  
  81  7:52  Roach x3  
  81  7:53  Zergling x2  
  81  7:57  Grooved Spines  
  87  8:01  Nydus Canal  
  87  8:11  Roach x2  
  87  8:12  Roach x2  
  82  8:25  Roach x2  
  82  8:26  Roach  
  71  8:27  Roach  
  71  8:29  Roach x2  
  67  8:42  Overlord x2  
  65  9:08  Drone  
  65  9:09  Drone x9  
  75  9:20  Overlord  
  75  9:21  Overlord x2  
  74  9:36  Extractor  
  73  9:39  Extractor  
  72  9:53  Muscular Augments  
  72  10:06  Zergling x2  
  73  10:14  Hatchery  
  73  10:18  Hatchery  
  71  10:24  Spire  
  71  10:27  Nydus Canal  
  70  10:28  Overseer  
  70  10:31  Roach x5  
  70  10:32  Roach x2  
  84  10:36  Glial Reconstitution  
  77  10:56  Nydus Canal  
  65  11:00  Roach x8  
  81  11:06  Hydralisk  
  83  11:24  Drone  
  84  11:26  Drone x5  
  84  11:27  Drone  
  84  11:30  Drone  
  91  11:35  Overlord  
  91  11:47  Drone x5  
  96  12:07  Nydus Canal  
  96  12:21  Nydus Canal  
  96  12:25  Roach  
  96  12:26  Roach  
  96  12:28  Overlord x2  
  84  12:49  Roach  
  84  12:50  Roach x8  
  89  13:08  Overlord  
  89  13:12  Overlord  
  89  13:13  Overlord x2  
  79  13:27  Overlord x2  
  75  13:44  Roach x4  
  75  13:46  Nydus Canal  
  62  13:58  Roach  
  62  13:59  Roach  
Show
View Real Time Build Order
Export as new Build Order

soapyy Protoss - Winner!

Build Orders:  

Get SALT Encoding   

  12  0:00  Probe  
  13  0:13  Probe  
  14  0:18  Pylon  
  14  0:25  Probe  
  15  0:38  Gateway  
  15  0:41  Probe  
  16  0:53  Probe  
  17  1:01  Probe, Gateway  
  17  1:09  Probe  
  18  1:14  Assimilator  
  19  1:19  Assimilator  
  20  1:30  Cybernetics Core  
  19  1:33  Probe  
  20  1:45  Probe  
  21  1:49  Pylon  
  21  1:50  Zealot  
  23  2:04  Warp Gate  
  23  2:15  Stalker  
  25  2:37  Nexus  
  25  2:42  Probe  
  25  2:44  Sentry  
  28  2:54  Pylon  
  28  3:10  Twilight Council  
  28  3:12  Probe  
  29  3:24  Probe  
  30  3:40  Gateway  
  30  3:44  Probe  
  31  3:50  Charge  
  31  3:51  Pylon  
  31  3:55  Probe  
  32  4:02  Forge  
  32  4:03  Probe  
  32  4:07  Shield Battery  
  33  4:10  Shield Battery  
  33  4:16  Sentry  
  33  4:17  Sentry  
  31  4:26  Protoss Ground Weapons Level 1  
  31  4:34  Probe  
  31  4:36  Photon Cannon  
  32  4:38  Photon Cannon  
  32  4:47  Probe  
  32  4:49  Sentry x2  
  37  4:56  Pylon  
  37  4:59  Probe  
  38  5:13  Gateway  
  38  5:14  Stalker x2  
  38  5:18  Probe  
  43  5:35  Probe  
  44  5:45  Templar Archives  
  44  5:48  Zealot x2  
  48  5:58  Gateway  
  48  6:04  Probe x2  
  48  6:10  Zealot  
  48  6:11  Zealot x2  
  56  6:16  Probe  
  56  6:18  Shield Battery  
  57  6:20  Photon Cannon  
  57  6:22  Psionic Storm  
  57  6:24  Photon Cannon, Probe  
  58  6:51  Stalker x3  
  62  6:54  Stalker  
  62  6:55  Probe x2  
  66  7:01  Pylon  
  66  7:20  Zealot x4  
  74  7:26  Probe x2  
  74  7:29  Assimilator  
  76  7:33  Assimilator  
  76  7:36  Pylon  
  76  7:38  Probe  
  77  7:56  Zealot x4  
  83  8:15  Probe x2  
  81  8:20  High Templar x2  
  81  8:25  Archon  
  83  8:27  Probe  
  83  8:28  Probe  
  83  8:39  Probe  
  83  8:40  Probe  
  85  8:45  Photon Cannon  
  85  8:48  Photon Cannon  
  85  8:52  Photon Cannon  
  85  8:56  Pylon x2  
  85  8:58  Protoss Ground Weapons Level 2  
  85  9:23  Nexus  
  85  9:24  Pylon  
  85  9:26  Pylon  
  85  9:34  Probe x2  
  87  9:39  Photon Cannon  
  87  9:42  Photon Cannon  
  87  9:45  Shield Battery, Forge  
  87  9:50  High Templar x4  
  87  9:51  Pylon  
  95  9:56  Probe  
  96  10:06  Gateway x2  
  96  10:08  Protoss Ground Armor Level 1  
  96  10:15  Probe  
  96  10:20  Probe  
  98  10:41  Probe x3  
  101  10:47  High Templar x4  
  109  10:53  Archon x2, Probe x2, Assimilator  
  109  10:57  Probe, Assimilator  
  112  10:59  Pylon  
  112  11:05  Probe  
  112  11:06  Pylon  
  112  11:09  Gateway  
  113  11:11  Gateway  
  113  11:24  High Templar x2  
  113  11:25  Zealot x4  
  125  11:31  Colossus  
  125  11:32  Pylon  
  125  11:41  Photon Cannon x2  
  125  11:45  Photon Cannon  
  125  11:51  Photon Cannon  
  123  12:15  Stalker x6  
  130  12:22  Archon  
  128  12:25  Archon x2  
  114  12:39  Zealot  
  114  12:40  Zealot x5  
  114  12:41  Probe  
  114  12:42  Probe  
  126  12:49  Shield Battery, Photon Cannon  
  126  12:50  Photon Cannon  
  126  12:56  Probe  
  127  13:05  Stalker x6  
  137  13:08  Probe  
  140  13:28  Gateway  
  140  13:36  Zealot x6  
  140  13:37  Zealot x2  
  147  13:59  Stalker  
  147  14:00  Stalker x7  
  157  14:08  Probe x3  
  160  14:24  High Templar x2  
  162  14:28  Pylon x2  
  162  14:30  Pylon  
  162  14:31  Nexus, Pylon  
  164  14:33  Pylon  
Show
View Real Time Build Order
Export as new Build Order

Aest Protoss - Winner!

Build Orders: Oracle Opening 

Get SALT Encoding   

  12  0:00  Probe  
  13  0:13  Probe  
  14  0:19  Pylon  
  14  0:25  Probe  
  15  0:36  Probe  
  15  0:41  Gateway  
  16  0:44  Probe  
  17  0:52  Probe  
  17  0:55  Assimilator  
  18  1:09  Probe, Assimilator  
  19  1:17  Probe  
  19  1:25  Probe  
  20  1:30  Cybernetics Core  
  21  1:40  Probe  
  22  1:47  Gateway  
  22  1:51  Pylon  
  22  1:57  Probe  
  23  2:06  Warp Gate  
  23  2:09  Stalker  
  25  2:28  Stargate  
  25  2:35  Stalker  
  27  2:37  Pylon  
  27  3:02  Oracle  
  30  3:14  Nexus  
  30  3:29  Oracle  
  30  3:34  Pylon  
  30  3:36  Probe  
  34  3:48  Probe  
  35  4:00  Probe  
  36  4:12  Probe  
  34  4:19  Stalker x2  
  38  4:24  Probe  
  38  4:26  Probe  
  40  4:36  Probe  
  37  4:39  Probe  
  38  4:47  Sentry x2  
  35  5:03  Probe  
  35  5:06  Phoenix  
  35  5:07  Probe  
  37  5:11  Probe  
  39  5:19  Probe  
  41  5:25  Phoenix  
  43  5:38  Probe x2  
  45  5:46  Probe x2  
  47  6:02  Phoenix  
  47  6:03  Probe x2  
  51  6:06  Assimilator  
  51  6:10  Assimilator  
  51  6:15  Probe x2  
  53  6:18  Zealot  
  53  6:19  Zealot  
  53  6:23  Probe  
  57  6:28  Probe  
  57  6:30  Phoenix  
  57  6:31  Probe  
  61  6:36  Gateway x2  
  62  6:41  Gateway  
  62  6:44  Shield Battery x2  
  62  6:46  Shield Battery  
  62  6:51  Pylon x2  
  62  6:58  Pylon  
  62  7:09  Probe  
  63  7:20  Phoenix  
  65  7:34  Stalker x4  
  73  7:38  Probe x2  
  73  7:42  Pylon  
  75  7:50  Stalker, Probe x2  
  79  7:56  Twilight Council  
  79  8:18  Phoenix  
  79  8:36  Phoenix  
  79  8:44  Stalker  
  79  8:45  Stalker x4  
  75  9:05  Phoenix  
  77  9:11  Templar Archives  
  77  9:15  Gateway  
  77  9:18  Gateway  
  77  9:20  Gateway  
  77  9:21  Stalker x5, Gateway  
  77  9:22  Phoenix  
  87  9:24  Pylon  
  87  9:25  Charge  
  89  9:47  Zealot x5  
  99  9:54  Probe x2  
  101  10:02  Probe  
  101  10:03  Forge  
  101  10:04  Forge  
  102  10:29  Assimilator  
  102  10:32  Pylon  
  102  10:33  Pylon  
  102  10:34  Assimilator  
  102  10:35  Probe  
  100  10:51  Zealot x2  
  100  10:52  Zealot x7  
  118  11:26  Nexus  
  118  11:30  Pylon  
  118  11:32  Pylon  
  118  11:34  Pylon  
  118  11:47  Pylon  
  118  11:49  Pylon, High Templar  
  118  11:50  High Templar x3  
  118  11:51  High Templar  
  118  11:52  High Templar x2  
  118  11:53  High Templar x2  
  136  11:57  Archon x3  
  136  11:58  Archon  
  112  12:41  High Templar  
  112  12:42  High Templar x3  
  112  12:43  Zealot  
  112  12:44  Zealot x4  
  126  12:47  Archon x2  
  121  13:19  High Templar  
  115  13:20  High Templar x2  
  115  13:21  Zealot x6  
  115  13:23  Archon  
  115  13:24  Archon  
  131  14:03  Photon Cannon  
  131  14:05  Photon Cannon  
  131  14:07  Photon Cannon  
  131  14:09  Photon Cannon  
  131  14:11  Photon Cannon  
  131  14:13  Photon Cannon  
  131  14:15  Photon Cannon  
  131  14:16  Photon Cannon  
  129  14:18  Photon Cannon  
  129  14:23  Probe x2  
  129  14:26  Probe  
  129  14:31  Probe x2  
Tags
 
Add a new tag
Caveats
  • Supply blocks, unpowered buildings, or Contaminate may cause inaccurate times.
  • Supply counts are checked every 10 seconds.